 Dungeon Crawl Stone Soup version 0.22.1-1-ga44c0e5 (webtiles) character file.

252 Lauz the Chopper (level 5, 0/73 HPs)
             Began as a Minotaur Berserker on Nov 7, 2018.
             Was a Believer of Trog.
             Slain by a hippogriff (4 damage)
             ... on level 4 of the Dungeon.
             The game lasted 00:04:06 (2144 turns).

Lauz the Chopper (Minotaur Berserker)               Turns: 2144, Time: 00:04:08

Health: 0/73       AC:  9    Str: 33    XL:     5   Next: 89%
Magic:  4/4        EV: 11    Int:  4    God:    Trog [**....]
Gold:   171        SH:  0    Dex:  9    Spells: 4/4 levels left

rFire    . . .     SeeInvis .   a - +0 hand axe
rCold    . . .     Gourm    +   (no shield)
rNeg     . . .     Faith    .   f - +3 ring mail
rPois    .         Spirit   .   (helmet restricted)
rElec    .         Reflect  .   r - +0 cloak
rCorr    +         Harm     .   (no gloves)
MR       .....                  (no boots)
Stlth    ..........             t - amulet of the gourmand
HPRegen  0.22/turn              k - +5 ring of strength
MPRegen  0.09/turn              v - ring of resist corrosion

@: berserking, very quick
A: retaliatory headbutt, horns 2
a: Berserk, Trog's Hand, Renounce Religion


You were on level 4 of the Dungeon.
You worshipped Trog.
Trog was pleased with you.
You were near starving.

You visited 1 branch of the dungeon, and saw 4 of its levels.

You collected 171 gold pieces.

Inventory:

Hand Weapons
 a - a +0 hand axe (weapon)
Armour
 f - a +3 ring mail (worn)
 r - a +0 cloak (worn)
Jewellery
 k - a +5 ring of strength (left hand)
 p - an uncursed amulet of faith
 t - an amulet of the gourmand (around neck)
 u - a +5 ring of intelligence
 v - a ring of resist corrosion (right hand)
 y - an uncursed ring of flight {unknown}
Wands
 q - a wand of flame (13)
Scrolls
 b - a scroll of random uselessness {unknown}
 e - 2 scrolls of identify
 h - a scroll of enchant weapon {unknown}
 i - a scroll of blinking {unknown}
 l - 2 scrolls of fog {unknown}
 m - 2 scrolls of teleportation {unknown}
 o - a scroll of remove curse {unknown}
 s - 2 scrolls of noise {unknown}
Potions
 d - 2 potions of might {unknown}
 g - 2 potions of curing {unknown}
 j - 2 potions of mutation {unknown}
 n - a potion of invisibility {unknown}
 w - a potion of magic {unknown}
 x - a potion of cancellation {unknown}
Comestibles
 c - 11 rations


   Skills:
 + Level 5.6 Fighting
 + Level 6.7 Axes
 - Level 2.4 Armour
 - Level 2.1 Dodging


You had 4 spell levels left.
You didn't know any spells.
Your spell library was empty.

Dungeon Overview and Level Annotations

Branches:
Dungeon (4/15)
 Temple: D:4-7

Altars:
Makhleb
Nemelex Xobeh


Innate Abilities, Weirdness & Mutations

You reflexively headbutt those who attack you in melee.
You have a pair of horns on your head.


Message History

The hippogriff pecks you but does no damage.
The hippogriff claws you but does no damage.
You completely miss the hippogriff.
The hippogriff is severely wounded.
The hippogriff barely misses you. The hippogriff pecks you.
The hippogriff barely misses you.
You hit the hippogriff. You headbutt the hippogriff.
The hippogriff is almost dead.
The hippogriff bites you!
* * * LOW HITPOINT WARNING * * *
The hippogriff pecks you.
* * * LOW HITPOINT WARNING * * *
The hippogriff barely misses you.
A red film seems to cover your vision as you go berserk!
You feel yourself moving faster!
You feel mighty!
You are near starving!
The hippogriff bites you!
* * * LOW HITPOINT WARNING * * *
The hippogriff pecks you.
You die...

####+##########
#...[H@.......#
#.............#
#.............#
#.............#
#.............#
+.............#
?..............#
.###############


You could see a hippogriff.

Vanquished Creatures
  An ogre (D:4)
  Crazy Yiuf (D:2)
  Robin (D:3)
  4 adders
  An ooze (D:1)
  3 dart slugs
  4 leopard geckos
  6 bats
  3 giant cockroaches
  17 goblins
  5 hobgoblins
  7 jackals
  6 quokkas
  2 ball pythons
  3 frilled lizards
  2 kobolds (D:2)
  A leopard gecko skeleton (D:2)
  9 rats
76 creatures vanquished.

Notes
Turn   | Place    | Note
-------+----------+-------------------------------------------
     0 | D:1      | Lauz the Minotaur Berserker began the quest for the Orb.
     0 | D:1      | Reached XP level 1. HP: 19/19 MP: 0/0
   222 | D:1      | Reached skill level 4 in Axes
   222 | D:1      | Reached XP level 2. HP: 27/27 MP: 1/1
   650 | D:1      | Reached XP level 3. HP: 34/34 MP: 2/2
   948 | D:2      | Reached ** piety under Trog
   998 | D:2      | Found a runed door.
  1055 | D:2      | Reached skill level 5 in Axes
  1157 | D:2      | Reached XP level 4. HP: 41/41 MP: 3/3
  1182 | D:2      | Found a sparkling altar of Nemelex Xobeh.
  1287 | D:2      | Found a burning altar of Makhleb.
  1420 | D:2      | Noticed Crazy Yiuf
  1422 | D:2      | Killed Crazy Yiuf
  1422 | D:2      | Reached skill level 5 in Fighting
  1705 | D:3      | Noticed Robin
  1714 | D:3      | Killed Robin
  1714 | D:3      | Reached XP level 5. HP: 48/48 MP: 4/4
  1810 | D:3      | Reached skill level 6 in Axes
  2054 | D:4      | Noticed an ogre
  2060 | D:4      | Killed an ogre
  2129 | D:4      | Noticed a hippogriff
  2144 | D:4      | Slain by a hippogriff

Skill      XL: |  1  2  3  4  5 |
---------------+----------------+-----
Fighting       | 4 5 |  5.6
Axes           | 4 5 6 |  6.7
Armour         | |  2.4
Dodging        | |  2.1

Action                   |  1- 3 |  4- 6 || total
-------------------------+-------+-------++-------
Melee: Hand axe          |    77 |    73 ||   150
       Headbutt          |     6 |    10 ||    16
Invok: Berserk           |       |     2 ||     2
  Use: Scroll            |       |     1 ||     1
  Eat: Chunk             |     1 |     3 ||     4
Armor: Animal skin       |     9 |       ||     9
       Ring mail         |    20 |    40 ||    60
Dodge: Dodged            |    58 |    46 ||   104
